 Dungeon Crawl Stone Soup version 0.29.1-13-g9f3cf754e1 (webtiles) character file.

Game seed: 904648119871446829

43 zeram the Caller (level 3, -5/31 HPs)
             Began as a Troll Summoner on Feb 2, 2023.
             Slain by a goblin
             ... wielding a +1 dagger of electrocution
             ... led by Robin
              (14 damage)
             ... on level 2 of the Dungeon.
             The game lasted 00:02:05 (1089 turns).

zeram the Caller (Troll Summoner)                   Turns: 1089, Time: 00:02:06

Health: -5/31      AC:  4    Str: 16    XL:     3   Next: 37%
Magic:  3/3        EV: 14    Int: 13    God:
Gold:   118        SH:  0    Dex: 10    Spells: 1/4 levels left

rFire   . . .      SeeInvis .   g - +0 whip
rCold   . . .      Faith    .   (no shield)
rNeg    . . .      Spirit   .   a - +0 robe
rPois   .          Reflect  .   (helmet restricted)
rElec   .          Harm     .   (no cloak)
rCorr   .          Rampage  .   (gloves unavailable)
Will    .....                   (boots unavailable)
Stlth   +.........              e - amulet of magic regeneration
HPRegen 0.90/turn               k - +4 ring of evasion
MPRegen 0.48/turn               (no ring)

@: flying
A: large, unfitting armour, claws 3, regeneration 1, shaggy fur 1, tough skin 1
a: no special abilities


You were on level 2 of the Dungeon.
You visited 1 branch of the dungeon, and saw 2 of its levels.

You collected 118 gold pieces.

Inventory:

Hand Weapons
 d - a +0 club
 g - a +0 whip (weapon)
Armour
 a - a +0 robe (worn)
Jewellery
 e - an amulet of magic regeneration (around neck)
 k - a +4 ring of evasion (left claw)
Scrolls
 c - a scroll of teleportation {unknown}
 l - a scroll of immolation {unknown}
 m - a scroll of noise {unknown}
Potions
 b - a potion of magic
 f - a potion of heal wounds {unknown}
 i - a potion of brilliance {unknown}
 j - a potion of curing {unknown}
 n - a potion of haste {unknown}


   Skills:
 + Level 1.0 Maces & Flails
 + Level 1.9 Dodging
 - Level 1.0 Stealth
 + Level 1.3 Spellcasting
 + Level 3.5 Summonings


You had one spell level left.
You knew the following spells:

 Your Spells              Type           Power      Damage    Failure   Level
a - Summon Small Mammal   Summ           40%        N/A       6%          1
b - Call Imp              Summ           10%        N/A       10%         2

Your spell library contained the following spells:

 Spells                   Type           Power      Damage    Failure   Level
 Call Canine Familiar     Summ           10%        N/A       19%         3
 Summon Guardian Golem    Hex/Summ       5%         N/A       36%         3
 Summon Lightning Spire   Summ/Air       5%         N/A       78%         4


Dungeon Overview and Level Annotations

Branches:
Dungeon (2/15)

Altars:

Annotations:
D:2 Robin


Innate Abilities, Weirdness & Mutations

You are too large for most types of armour.
You have claws for hands.
Your natural rate of healing is unusually fast.
You are covered in fur. (AC +1)
You have tough skin. (AC +1)


Message History

You barely miss the goblin.
The goblin hits you but does no damage. x2
You barely miss the goblin. The goblin barely misses you. x2
You barely miss the goblin. The goblin misses you.
The goblin hits you with a +1 dagger of electrocution.
You are electrocuted!
You are too injured to fight recklessly!
You are too injured to fight recklessly!
You are too injured to fight recklessly!
You are too injured to fight recklessly!
You are too injured to fight recklessly!
You are too injured to fight recklessly!
You are too injured to fight recklessly!
You are too injured to fight recklessly!
You are too injured to fight recklessly!
You are too injured to fight recklessly!
You are too injured to fight recklessly!
You are too injured to fight recklessly!
You are too injured to fight recklessly!
You are too injured to fight recklessly!
Unknown command.
You hit the goblin.
The goblin is almost dead.
The goblin barely misses you. The goblin misses you.
A goblin comes into view. It is wielding a +0 dagger.
You closely miss the goblin.
The goblin is almost dead.
The goblin hits you with a +0 club. The goblin barely misses you.
Robin roars a battlecry!
The goblins go into a battle-frenzy!
You closely miss the goblin.
The goblin is almost dead.
The goblin misses you.
The goblin hits you with a +1 dagger of electrocution.
* * * LOW HITPOINT WARNING * * *
The goblin hits you but does no damage. x2
It was a potion of flight.
You feel very buoyant.
You fly up into the air.
The goblin hits you but does no damage.
You are electrocuted!
You die...

#.#
##.#
#..#
#.##
#.#
#.#
#.#
#g#
#@#
#g#
#g#


.Sg #.# ..# ### You could see Robin, an adder and 3 goblins.

Vanquished Creatures
  2 dart slugs (D:1)
  5 endoplasms (D:1)
  A giant cockroach (D:1)
  6 goblins
  4 hobgoblins
  2 kobolds (D:1)
  3 quokkas
  2 ball pythons
  3 bats (D:1)
  A frilled lizard (D:1)
  4 rats
33 creatures vanquished.

Notes
Turn   | Place    | Note
-------+----------+-------------------------------------------
     0 | D:1      | zeram the Troll Summoner began the quest for the Orb.
     0 | D:1      | Reached XP level 1. HP: 16/16 MP: 1/1
    14 | D:1      | Reached skill level 3 in Summonings
   119 | D:1      | Reached XP level 2. HP: 24/24 MP: 2/2
   726 | D:1      | Reached XP level 3. HP: 24/31 MP: 3/3
   729 | D:1      | Learned a level 2 spell: Call Imp
  1074 | D:2      | Reached skill level 1 in Maces & Flails
  1080 | D:2      | Noticed Robin
  1089 | D:2      | Slain by a goblin

Illustrated notes

Levels and vault maps discovered:
D:1:      roderic_dead_forest, layout_loops_corners
D:2:      layout_loops_ring, basic_altar, uniq_terence, uniq_robin

Skill      XL: |  1  2  3 |
---------------+----------+-----
Summonings     | 3 |  3.5
Maces & Flails | 1 |  1.0
Dodging        | |  1.9
Stealth        | |  1.0
Spellcasting   | |  1.3

Action                   || total
-------------------------++-------
Melee: Club              ||    34
       Unarmed           ||     7
       Whip              ||   142
       Punch             ||     2
  Use: Potion            ||     1
 Stab: Sleeping          ||     2
Armor: Robe              ||    61
Dodge: Dodged            ||   116
